AoeStats
← pedrocfajardo

Arabia

505925402Analyzed
3v3 RM · 22d ago on Sep 11, 2026· 38m 39s· 6 players
Game mode
Random Map
Map size
Normal (6 player)
Population
200
Speed
Normal
Resources
Standard
Victory
Conquest
Starting age
Dark Age
Ending age
Imperial Age
RankedLock teamsTeams togetherTeam positionsShared explorationLock speedFull tech treeHidden civsTurbo modeCheats
Victory
Defeat
🇪🇸 Persians · Spain
818
+15
🇪🇸 Armenians · Spain
783
+16
🇪🇸 Britons · Spain
763
+17
🇧🇷 Ethiopians · Brazil
806
-19
🇧🇷 Mongols · Brazil
789
-29
🇧🇷 Saracens · Brazil
782
-35
sakeone
2:48 Loom
13:07 Feudal Age
13:43 Double-Bit Axe
15:19 Gold Mining
18:46 Town Watch
18:57 Fletching
19:08 Padded Archer Armor
21:37 Castle Age
22:59 Wheelbarrow
22:19 Crossbowman
23:56 Leather Archer Armor
23:37 Bodkin Arrow
25:07 Hand Cart
31:22 Fervor
32:37 Sanctity
38:40 Imperial Age
36:21 Horse Collar
37:01 Bow Saw
Riky
1:01 Loom
11:37 Feudal Age
12:30 Horse Collar
18:18 Castle Age
17:00 Gold Mining
17:31 Double-Bit Axe
18:41 Fletching
20:25 Wheelbarrow
22:16 Padded Archer Armor
23:46 Crossbowman
24:53 Town Watch
25:26 Leather Archer Armor
34:19 Imperial Age
32:05 Hand Cart
31:51 Town Patrol
31:49 Bodkin Arrow
34:00 Bow Saw
37:41 Two-Man Saw
xDakaaH
0:27 Loom
12:29 Feudal Age
16:20 Castle Age
14:07 Horse Collar
14:24 Double-Bit Axe
22:17 Scale Barding Armor
29:12 Wheelbarrow
29:39 Heavy Plow
32:07 Fletching
33:14 Hand Cart
34:34 Bloodlines
36:30 Chain Barding Armor
37:49 Gold Mining
37:55 Light Cavalry
38:37 Husbandry
Marksofthe
10:26 Feudal Age
9:54 Loom
10:52 Double-Bit Axe
14:40 Fletching
18:28 Gold Mining
26:23 Castle Age
26:46 Crossbowman
27:31 Thumb Ring
29:00 Bow Saw
29:50 Elite Skirmisher
matheuscfajardo
6:12 Loom
9:43 Feudal Age
13:24 Double-Bit Axe
14:29 Horse Collar
23:40 Castle Age
22:10 Stone Mining
22:11 Gold Mining
25:18 Elite Skirmisher
27:24 Bow Saw
28:34 Gold Shaft Mining
pedrocfajardo
14:46 Feudal Age
16:05 Wheelbarrow
15:19 Double-Bit Axe
15:50 Gold Mining
15:51 Stone Mining
18:23 Bloodlines
18:37 Horse Collar
24:32 Castle Age
27:06 Bow Saw
27:15 Hand Cart
28:18 Heavy Plow
35:16 Imperial Age
33:30 Fervor
35:08 Husbandry
Connection lost

Rejoining the realm…

Still unreachable

The connection could not be restored.

Session expired

The server has moved on; the page needs a fresh start.